 Dungeon Crawl Stone Soup version 0.23.2-1-ga50397a (webtiles) character file.

Game seed: 7778824741301216255

1101 Borgoz the Cutter (level 8, 25/49 HPs)
             Began as a Kobold Gladiator on May 15, 2019.
             Was an Initiate of Ashenzari.
             Quit the game on level 6 of the Dungeon.
             The game lasted 00:08:16 (6243 turns).

Borgoz the Cutter (Kobold Gladiator)                Turns: 6243, Time: 00:08:17

Health: 25/49      AC: 10    Str: 18    XL:     8   Next: 58%
Magic:  9/9        EV: 17    Int: 10    God:    Ashenzari [......]
Gold:   377        SH:  0    Dex: 18    Spells: 7/7 levels left

rFire    . . .     SeeInvis .   t - +1 dagger "X" {pierce, -Tele rPois Str+7 Stlth+}
rCold    + . .     Gourm    .   (shield restricted)
rNeg     . . .     Faith    .   o - +0 ring mail
rPois    +         Spirit   .   c - +0 helmet
rElec    .         Reflect  .   (no cloak)
rCorr    .         Harm     .   (no gloves)
MR       .....     NoTele   +   (no boots)
Stlth    +++.......             (no amulet)
HPRegen  0.16/turn              (no ring)
MPRegen  0.11/turn              (no ring)

@: very slightly contaminated, studying Crossbows, invisible (expiring)
A: small, icy blue scales 1, yellow scales 1, carnivore, cold resistance 1,
MP-powered wands
a: Curse Item, Renounce Religion


You were on level 6 of the Dungeon.
You worshipped Ashenzari.
Ashenzari was noncommittal.
You were very full.

You visited 2 branches of the dungeon, and saw 7 of its levels.

You collected 377 gold pieces.

Inventory:

Hand Weapons
 t - the +1 dagger "X" (weapon) {pierce, -Tele rPois Str+7 Stlth+}
   (You found it on level 5 of the Dungeon)

   It inflicts extra damage upon your enemies.
   It affects your strength (+7).
   It protects you from poison.
   It prevents most forms of teleportation.
   It makes you more stealthy.
Missiles
 d - a throwing net (quivered)
Armour
 c - a +0 helmet (worn)
 o - a +0 ring mail (worn)
Jewellery
 b - a +5 ring of protection
 q - an uncursed ring of protection from cold
Wands
 r - a wand of paralysis (8)
 w - a wand of acid (8)
Scrolls
 a - a scroll of noise {unknown}
 e - a scroll of blinking
 g - 2 scrolls of teleportation {unknown}
 i - 4 scrolls of remove curse
 k - 2 scrolls of magic mapping
 l - 2 scrolls of fear {unknown}
 u - a scroll of identify
 v - 2 scrolls of enchant armour {unknown}
Potions
 m - a potion of brilliance
 n - 2 potions of curing
 p - a potion of mutation
 s - a potion of might {unknown}
Books
 h - a manual of Crossbows
Comestibles
 f - 11 rations


   Skills:
 + Level 5.0 Fighting
 + Level 6.7 Short Blades
 - Level 5.0 Throwing
 * Level 1.9 Armour
 + Level 6.1 Dodging
 + Level 4.5 Stealth
 + Level 1.8 Evocations


You had 7 spell levels left.
You didn't know any spells.
Your spell library was empty.

Dungeon Overview and Level Annotations

Branches:
Dungeon (6/15)             Temple (1/1) D:6

Altars:
Ashenzari
Cheibriados
Dithmenos
Elyvilon
Fedhas
Gozag
Kikubaaqudgha
Makhleb
Nemelex Xobeh
Okawaru
Ru
Trog
Uskayaw
Vehumet
Wu Jian
Yredelemnul
Zin
The Shining One

Shops:
D:6 *

Annotations:
D:6 1 transporter


Innate Abilities, Weirdness & Mutations

You are small and have problems with some larger weapons.
You are carnivorous and can eat meat at any time.
You are partially covered in icy blue scales. (AC +2)
You are partially covered in yellow scales. (AC +2)
Your flesh is cold resistant. (rC+)
You expend magic power (3 MP) to strengthen your wands.


Message History

You are too injured to fight recklessly!
Your ring mail prevents you from hitting the orc wizard.
The orc wizard is heavily wounded.
The orc wizard hits you with a +0 dagger.
You hit the orc wizard.
The orc wizard is severely wounded.
You closely miss the orc wizard.
The orc wizard is severely wounded.
The orc wizard hits you but does no damage.
You hit the orc wizard.
You kill the orc wizard!
Things that are here:
a +0 dagger; a +0 robe You flicker for a moment.
Things that are here:
a +0 dagger; a +0 robe There isn't anything to butcher here.
There is a fountain of clear blue water here.
There is an entrance to Gozag's Platinum Reserve here.
Are you sure you want to abandon this character and quit the game? (Confirm with "yes".)

.. ...#. ..#.. ########
#...#######......#
....≈≈≈≈≈≈≈......#
##.≈.....≈...)..# #
#..≈.⌠.⌠.≈......#
..####.#≈..@..≈......#
#......>≈.⌠.⌠.≈....$.#
######.....≈.....≈......#
...........≈≈...≈≈......#
............≈)_.≈.......# ##
..$.........≈...≈.......# ####.
............≈≈.≈≈.##.######....
###.<...))...).##.# ##....#
###......#..#####.####...##.


There were no monsters in sight!

Vanquished Creatures
  Edmund (D:4)
  An ice beast (D:6)
  2 ogres
  A bullfrog (D:6)
  2 crimson imps (D:5)
  A centaur zombie (D:5)
  2 hounds
  A bullfrog skeleton (D:5)
  A jelly (D:6)
  Ijyb (D:5)
  2 iguanas (D:4)
  3 orc wizards
  3 worker ants
  A hound zombie (D:5)
  4 gnolls (D:3)
  A worker ant zombie (D:5)
  9 adders
  An adder skeleton (D:5)
  An adder zombie (D:5)
  A worm (D:4)
  2 dart slugs (D:1)
  4 leopard geckos
  8 orcs
  2 giant cockroaches (D:1)
  4 goblins (D:1)
  4 hobgoblins
  4 jackals
  2 quokkas
  2 ball pythons
  9 bats
  3 frilled lizards
  6 kobolds
  11 rats
100 creatures vanquished.

Notes
Turn   | Place    | Note
-------+----------+-------------------------------------------
     0 | D:1      | Borgoz the Kobold Gladiator began the quest for the Orb.
     0 | D:1      | Reached XP level 1. HP: 12/12 MP: 1/1
   184 | D:1      | Reached XP level 2. HP: 17/18 MP: 2/2
   587 | D:1      | Reached XP level 3. HP: 22/22 MP: 3/3
  1203 | D:2      | Reached XP level 4. HP: 21/27 MP: 4/4
  1692 | D:2      | You fall through a shaft for 2 floors!
  1909 | D:4      | Reached XP level 5. HP: 32/32 MP: 5/5
  2030 | D:4      | Reached skill level 5 in Short Blades
  2271 | D:4      | Noticed Edmund
  2290 | D:4      | Killed Edmund
  2290 | D:4      | Reached skill level 1 in Stealth
  2290 | D:4      | Reached XP level 6. HP: 26/38 MP: 6/6
  2404 | D:4      | Reached skill level 5 in Dodging
  2707 | D:4      | Found a basalt altar of Yredelemnul.
  2926 | D:3      | Noticed an ogre
  2941 | D:3      | Killed an ogre
  2941 | D:3      | Reached XP level 7. HP: 43/43 MP: 7/7
  3220 | D:3      | Found a sparkling altar of Nemelex Xobeh.
  4197 | D:5      | Entered Level 5 of the Dungeon
  4614 | D:5      | Noticed Ijyb
  4618 | D:5      | Killed Ijyb
  4659 | D:5      | Got a transparent dagger
  4711 | D:5      | Identified the +1 dagger "X" {pierce, -Tele rPois Str+7
                  | Stlth+} (You found it on level 5 of the Dungeon)
  5037 | D:5      | Reached XP level 8. HP: 41/48 MP: 8/8
  5703 | D:6      | Found an opulent altar of Gozag.
  5703 | D:6      | Found Gozag's Platinum Reserve.
  5704 | D:6      | Reached skill level 1 in Armour
  5704 | D:6      | Reached skill level 1 in Evocations
  5732 | D:6      | Found a transporter.
  5805 | D:6      | Found a staircase to the Ecumenical Temple.
  5815 | Temple   | Entered the Ecumenical Temple
  5995 | Temple   | Became a worshipper of Ashenzari the Shackled
  6122 | D:6      | Reached skill level 5 in Throwing
  6203 | D:6      | Gained mutation: You are partially covered in yellow
                  | scales. (AC +2) [potion of mutation]
  6203 | D:6      | Gained mutation: Your flesh is cold resistant. (rC+)
                  | [potion of mutation]
  6203 | D:6      | Gained mutation: You expend magic power (3 MP) to
                  | strengthen your wands. [potion of mutation]
  6203 | D:6      | Gained mutation: You are partially covered in icy blue
                  | scales. (AC +2) [potion of mutation]
  6221 | D:6      | Reached skill level 5 in Fighting
  6243 | D:6      | Quit the game

Skill      XL: |  1  2  3  4  5  6  7  8 |
---------------+-------------------------+-----
Dodging        | 4 5 6 |  6.1
Fighting       | 3 4 5 |  5.0
Throwing       | 3 4 5 |  5.0
Short Blades   | 5 6 |  6.7
Stealth        | 1 2 3 4 |  4.5
Armour         | 1 |  1.9
Evocations     | 1 |  1.8

Action                   |  1- 3 |  4- 6 |  7- 9 || total
-------------------------+-------+-------+-------++-------
Melee: Rapier            |   111 |   157 |   131 ||   399
       Dagger            |       |       |   101 ||   101
Throw: Throwing net      |       |     4 |     1 ||     5
  Use: Scroll            |     1 |     4 |     3 ||     8
       Potion            |       |     2 |     6 ||     8
 Stab: Held in net/web   |       |     4 |       ||     4
       Invisible         |       |     2 |     1 ||     3
       Sleeping          |       |       |    10 ||    10
  Eat: Chunk             |     9 |     6 |    10 ||    25
Armor: Leather armour    |    31 |     9 |       ||    40
       Ring mail         |       |     2 |    29 ||    31
Dodge: Dodged            |   121 |    94 |   168 ||   383
